 Seeded DCSS version 0.28.0-47-ge53b351184 (webtiles) character file.

Game seed: 9133272994031974299 (custom seed)

114 NinjaNoafa the Skirmisher (level 4, 0/41 HPs)
             Began as a Minotaur Monk on May 2, 2022.
             Slain by an adder (2 damage)
             ... on level 4 of the Dungeon.
             The game lasted 00:02:28 (2510 turns).

NinjaNoafa the Skirmisher (Minotaur Monk)           Turns: 2510, Time: 00:02:28

Health: 0/41       AC:  4    Str: 17 (19) XL:     4   Next: 66%
Magic:  3/3        EV: 10    Int:  5 (7)  God:
Gold:   63         SH:  0    Dex: 10 (13) Spells: 3/3 levels left

rFire   . . .      SeeInvis .   a - +0 hand axe
rCold   . . .      Faith    +   (no shield)
rNeg    + . .      Spirit   .   c - +0 scale mail
rPois   .          Reflect  .   (helmet restricted)
rElec   .          Harm     .   (no cloak)
rCorr   .          Rampage  .   (no gloves)
Will    .....                   (no boots)
Stlth   ..........              d - amulet of faith
HPRegen 0.13/turn               b - ring of positive energy
MPRegen 0.08/turn               (no ring)

@: lethally poisoned (0 -> -6)
A: horns 2, retaliatory headbutt, deformed body, strong 1, subdued magic 1,
MP-powered wands
a: no special abilities


You were on level 4 of the Dungeon.
You visited 1 branch of the dungeon, and saw 4 of its levels.

You collected 63 gold pieces.

Inventory:

Hand Weapons
 a - a +0 hand axe (weapon)
Armour
 c - a +0 scale mail (worn)
Jewellery
 b - a ring of positive energy (left hand)
 d - an amulet of faith (around neck)
Scrolls
 h - a scroll of holy word
 j - 2 scrolls of silence


   Skills:
 + Level 4.5 Fighting
 + Level 4.5 Axes
 * Level 3.7 Armour
 - Level 3.2 Dodging
 - Level 1.5 Stealth


You had 3 spell levels left.
You didn't know any spells.
Your spell library contained the following spells:

 Spells                   Type           Power      Damage    Failure   Level
 Summon Small Mammal      Summ           0%         N/A       83%         1
 Sublimation of Blood     Necr           0%         N/A       93%         2
 Call Canine Familiar     Summ           0%         N/A       99%         3
 Summon Guardian Golem    Hex/Summ       0%         N/A       99%         3
 Petrify                  Tmut/Erth      0%         N/A       100%        4
 Irradiate                Conj/Tmut      0%         3d13      100%        5


Dungeon Overview and Level Annotations

Branches:
Dungeon (4/15)
 Temple: D:4-7

Altars:

Annotations:
D:2 1 runed translucent door, Crazy Yiuf
D:3 1 runed translucent door, Terence; skusey55's ghost, amateur HOBe


Innate Abilities, Weirdness & Mutations

You have a pair of horns on your head.
You reflexively headbutt those who attack you in melee.
Armour fits poorly on your strangely shaped body.
Your muscles are strong. (Str +2)
Your spells are a little easier to cast, but a little less powerful.
You expend magic power (3 MP) to strengthen your wands.


Message History

Okay, then.
Found a stone staircase leading down.
Terence asks, "Do you want it fast or slow?"
The orc closely misses you.
An adder comes into view.
The adder bites you but does no damage. The adder barely misses you.
You furiously retaliate!
You headbutt the adder, but do no damage.
There is a stone staircase leading down here.
The orc hits you but does no damage. The adder bites you but does no damage.
You climb downwards.
There is a stone staircase leading up here.
You hit the orc but do no damage.
The orc is lightly wounded.
You closely miss the adder. The adder bites you. The orc barely misses you.
The adder misses you.
You hit the orc but do no damage. You headbutt the orc, but do no damage.
The orc is lightly wounded.
You closely miss the adder. The orc hits you but does no damage.
The adder bites you.
You are poisoned.
The adder poisons you! The orc hits you with a +0 whip.
* * * LOW HITPOINT WARNING * * *
You barely miss the adder. You headbutt the adder.
The adder is moderately wounded.
You barely miss the orc.
You feel sick. The adder bites you.
* * * LOW HITPOINT WARNING * * *
The orc hits you but does no damage.
You miss the adder. You headbutt the adder.
The adder is severely wounded.
You hit the orc but do no damage.
You feel sick. The adder bites you.
* * * LOW HITPOINT WARNING * * *
You are more poisoned.
The adder poisons you! The adder closely misses you. The orc barely misses you.
You closely miss the adder.
The adder is severely wounded.
You hit the orc.
* * * LOW HITPOINT WARNING * * *
You feel sick. The adder bites you.
You die...

######
#.....
#.....
#.....
#.....
#.....
##.....##
......o@#
##....S.#
........#
...###..#
.. #..# .
#..# #..#
#..#


You could see an adder and an orc.

Vanquished Creatures
  3 gnolls (D:2)
  2 adders (D:2)
  3 worms
  An adder skeleton (D:2)
  3 dart slugs
  An orc (D:3)
  A bat (D:1)
  9 endoplasms
  3 giant cockroaches
  4 goblins
  4 hobgoblins (D:1)
  4 ball pythons
  2 frilled lizards
  3 kobolds (D:2)
  4 rats
47 creatures vanquished.

Notes
Turn   | Place    | Note
-------+----------+-------------------------------------------
     0 | D:1      | NinjaNoafa the Minotaur Monk began the quest for the Orb.
     0 | D:1      | Reached XP level 1. HP: 19/19 MP: 0/0
    92 | D:1      | Reached skill level 1 in Armour
   189 | D:1      | Reached XP level 2. HP: 26/27 MP: 1/1
   844 | D:2      | Reached XP level 3. HP: 26/33 MP: 2/2
  1758 | D:2      | Reached XP level 4. HP: 39/41 MP: 3/3
  1803 | D:2      | Found a runed translucent door.
  1804 | D:2      | Noticed Crazy Yiuf
  2406 | D:3      | Found a runed translucent door.
  2411 | D:3      | Noticed skusey55's ghost (amateur HOBe)
  2467 | D:3      | Noticed Terence
  2487 | D:3      | Gained mutation: Armour fits poorly on your strangely
                  | shaped body. [potion of mutation]
  2487 | D:3      | Gained mutation: Your spells are a little easier to cast,
                  | but a little less powerful. [potion of mutation]
  2487 | D:3      | Gained mutation: Your muscles are strong. (Str +2) [potion
                  | of mutation]
  2487 | D:3      | Gained mutation: You expend magic power (3 MP) to
                  | strengthen your wands. [potion of mutation]
  2510 | D:4      | HP: 2/41 [poisoned by an adder]
  2510 | D:4      | Slain by an adder

Illustrated notes

Levels and vault maps discovered:
D:1:      onia_arrival_handbag, layout_basic
D:2:      layout_basic, uniq_crazy_yiuf_cottage
D:3:      layout_rooms, ebering_ghost_sewer_f, chequers_ecumenical_altar_island,
          uniq_terence
D:4:      layout_basic, fedhas_altar_decomposition, ebering_ghost_sewer_d

Skill      XL: |  1  2  3 |
---------------+----------+-----
Armour         | 1 2 3 |  3.7
Fighting       | 4 |  4.5
Axes           | 4 |  4.5
Dodging        | |  3.2
Stealth        | |  1.5

Action                   |  1- 3 |  4- 6 || total
-------------------------+-------+-------++-------
Melee: Hand axe          |    92 |    39 ||   131
       Headbutt          |    15 |     9 ||    24
  Use: Potion            |       |     3 ||     3
       Scroll            |       |     2 ||     2
Armor: Scale mail        |    34 |    15 ||    49
Dodge: Dodged            |    36 |    25 ||    61
